 Dungeon Crawl Stone Soup version 0.27-a0-1595-g0b823d0a13 (webtiles) character file.

Game seed: 7542524462224428119

2664 tilp the Nimble (level 9, -2/38 (41) HPs)
             Began as a Felid Ice Elementalist on July 20, 2021.
             Was an Initiate of Ru.
             Splashed by an acid dragon's acid (12 damage)
             ... on level 9 of the Dungeon.
             The game lasted 00:39:21 (19163 turns).

tilp the Nimble (Felid Ice Elementalist)           Turns: 19163, Time: 00:39:23

HP:   -2/38 (41)    AC:  9    Str: 10    XL:     9   Next: 36%
MP:   12/16         EV: 22    Int: 19    God:    Ru [......]
Gold: 431           SH:  0    Dex: 17    Spells: 5/16 levels left
                                        Lives: 0   Deaths: 2

rFire    . . .     SeeInvis +     - Unarmed
rCold    . . .     Faith    .   (shield unavailable)
rNeg     . . .     Spirit   .   (armour unavailable)
rPois    .         Reflect  .   (helmet unavailable)
rElec    .         Harm     .   (cloak unavailable)
rCorr    .         Rampage  .   (gloves unavailable)
Will     +....                  (boots unavailable)
Stlth    ++++......             l - amulet of magic regeneration
HPRegen  0.12/turn              c - +6 ring of strength
MPRegen  0.40/turn              (no ring)

@: ice-armoured, freezing walls, drained, quick
A: very small, claws 1, fangs 3, see invisible, speed 1, shaggy fur 2, stealthy
paws, no weapons or thrown items, no armour, multi-lived
a: Renounce Religion, Sacrifice Essence, Sacrifice Drink, Sacrifice a Hand,
Reject Sacrifices


You were on level 9 of the Dungeon.
You worshipped Ru.
Ru was noncommittal.
You visited 2 branches of the dungeon, and saw 10 of its levels.

You collected 489 gold pieces.
You spent 58 gold pieces at shops.

Inventory:

Jewellery
 c - a +6 ring of strength (left paw)
 l - an amulet of magic regeneration (around neck)
Wands
 h - a wand of charming (1)
 n - a wand of paralysis (4)
 o - a wand of iceblast (5)
Scrolls
 d - a scroll of acquirement
 e - 4 scrolls of teleportation
 m - a scroll of amnesia
 q - a scroll of magic mapping
Potions
 a - 3 potions of heal wounds
 b - a potion of ambrosia
 f - a potion of berserk rage
 g - a potion of brilliance {unknown}
 i - a potion of attraction {unknown}
 j - a potion of mutation {unknown}


   Skills:
 - Level 6.0 Fighting
 - Level 8.0 Dodging
 - Level 8.0 Stealth
 - Level 4.0 Unarmed Combat
 - Level 4.0 Spellcasting
 - Level 2.0 Hexes
 + Level 7.6 Ice Magic
 - Level 4.0 Evocations


You had 5 spell levels left.
You knew the following spells:

 Your Spells              Type           Power      Damage    Failure   Level
a - Freeze                Ice            100%       1d11      1%          1
b - Ensorcelled Hibernat  Hex/Ice        44%        N/A       2%          2
c - Ozocubu's Armour      Ice            33%        N/A       1%          3
d - Frozen Ramparts       Ice            66%        1d8       1%          3
e - Blink                 Tloc           N/A        N/A       21%         2

Your spell library contained the following spells:

 Spells                   Type           Power      Damage    Failure   Level
 Corona                   Hex            12%        N/A       6%          1
 Foxfire                  Conj/Fire      12%        2x1d4     14%         1
 Sting                    Tmut/Pois      12%        1d3       14%         1
 Summon Small Mammal      Summ           12%        N/A       14%         1
 Tukima's Dance           Hex            11%        N/A       19%         3
 Poisonous Vapours        Pois/Air       6%         N/A       21%         2
 Summon Guardian Golem    Hex/Summ       7%         N/A       26%         3
 Hailstorm                Conj/Ice       18%        3d6       28%         4
 Call Canine Familiar     Summ           3%         N/A       38%         3
 Ignite Poison            Fire/Tmut/Pois 3%         N/A       38%         3
 Olgreb's Toxic Radiance  Pois           3%         N/A       80%         4
 Manifold Assault         Tloc           3%         N/A       98%         5
 Storm Form               Tmut/Air       1%         N/A       100%        7
 Ignition                 Fire           1%         3d3       100%        8
 Maxwell's Capacitive Co  Air            1%         ∞         100%        8


Dungeon Overview and Level Annotations

Branches:
Dungeon (9/15)             Temple (1/1) D:4
   Lair: D:8-11         Orc: D:9-12

Altars:
Ashenzari
Cheibriados
Elyvilon
Fedhas
Gozag
Hepliaklqana
Kikubaaqudgha
Makhleb
Nemelex Xobeh
Okawaru
Qazlal
Ru
Sif Muna
Trog
Uskayaw
Vehumet
Wu Jian
Xom
Yredelemnul
Zin
The Shining One
Beogh

Shops:
D:1 *   D:2 *(   D:5 (

Annotations:
D:2 Sigmund
D:4 exclusion: door, Edmund
D:6 exclusions: ice beast, sky beast and water moccasin
D:7 exclusions: black bear, ugly thing and water moccasin


Innate Abilities, Weirdness & Mutations

You have sharp claws.
You have razor-sharp teeth.
You have supernaturally acute eyesight. (SInv)
You cover ground quickly. (Speed+)
You are covered in thick fur. (AC +2)
Your paws help you pounce on unaware monsters.
You are incapable of wielding weapons or throwing items.
You cannot wear armour.
You gain extra lives every three experience levels.


Message History

You feel drained.
Unknown command.
You scratch the wight but do no damage.
The wight is moderately damaged.
The wight hits you with a +0 spear.
The acid dragon roars!
You scratch the wight.
The wight is moderately damaged.
The wight completely misses you.
You closely miss the wight.
The wight is moderately damaged.
You claw the wight! You bite the wight, but do no damage.
The wight is severely damaged.
The wight misses you.
You scratch the wight.
The wight is almost destroyed.
The wight hits you with a +0 spear.
Casting: Ozocubu's Armour (safe; 1% risk of failure)
Confirm with . or Enter, or press ? or * to list all spells.
Casting: Frozen Ramparts (safe; 1% risk of failure)
Press: ? - help, Dir - look around, f - activate The walls around you are covered in ice.
The wight completely resists.
The wall freezes the wight but does no damage.
The wight hits you with a +0 spear.
You feel drained.
Unknown command.
You scratch the wight but do no damage.
The wight is almost destroyed.
The wight resists.
The wall freezes the wight.
You destroy the wight!
The wall freezes the acid dragon!
Unknown command.
You scratch the acid dragon.
The acid dragon is moderately wounded.
The wall freezes the acid dragon!
The acid dragon spits acid at you. The splash of acid hits you!
* * * LOW HITPOINT WARNING * * *
You are splashed with acid!
You die...

..... .................
.....##.......... #
#####......Z........ .#
#...#..(..........# ...
##?..##.#...<......#....
###.#.....#...............
#...#.#...#...............
#.....#..@D......h........
#.....###.#<..............
#...z..##.#............#..
#...z..................##.
##.......#.............##.
##......###................
#.).##...........[.........
##.............<.#..........
##.........#..#.)##..........


You could see an acid dragon (catching breath).

Vanquished Creatures
  Grinder (D:6)
  4 yaks (D:8)
  A wyvern (D:8)
  A water moccasin (D:7)
  3 orc warriors (D:8)
  2 black bears (D:8)
  An ogre (D:5)
  2 centaurs
  A bullfrog (D:7)
  A wyvern zombie (D:7)
  A water moccasin zombie (D:5)
  13 wights
  3 howler monkeys (D:9)
  3 centaur zombies
  2 bullfrog zombies (D:6)
  3 orc priests
  A centaur skeleton (D:2)
  A jelly (D:6)
  Jessica (D:2)
  6 iguanas
  3 orc wizards
  A scorpion zombie (D:5)
  3 killer bee zombies (D:8)
  A hound skeleton (D:4)
  A howler monkey zombie (D:6)
  Robin (D:2)
  A gnoll (D:1)
  A howler monkey skeleton (D:7)
  11 adders
  A white imp (D:7)
  An ufetubus (D:4)
  An adder skeleton (D:4)
  A dart slug (D:1)
  2 worms
  39 orcs
  7 ball pythons
  5 endoplasms
  2 giant cockroaches
  11 goblins
  18 hobgoblins
  14 jackals
  3 bats
  4 frilled lizards
  4 kobolds
  3 rats
190 creatures vanquished.

Vanquished Creatures (collateral kills)
  3 wights (D:7)
3 creatures vanquished.

Vanquished Creatures (others)
  A yak (D:9)
  A wight (D:7)
  A fungus (D:1)
  39 plants
42 creatures vanquished.

Grand Total: 235 creatures vanquished

Notes
Turn   | Place    | Note
-------+----------+-------------------------------------------
     0 | D:1      | tilp the Felid Ice Elementalist began the quest for the
                  | Orb.
     0 | D:1      | Reached XP level 1. HP: 7/7 MP: 4/4
   291 | D:1      | Reached skill level 1 in Unarmed Combat
   573 | D:1      | Reached XP level 2. HP: 5/11 MP: 0/6
  1581 | D:1      | Learned a level 2 spell: Ensorcelled Hibernation
  1588 | D:1      | Found Uheosa Veuw's Assorted Antiques.
  1591 | D:1      | Reached XP level 3. HP: 10/14 MP: 5/7
  2215 | D:1      | Bought a scroll labelled EBLOJU ZETEI for 20 gold pieces
  2388 | D:2      | Noticed Jessica
  2395 | D:2      | Killed Jessica
  2396 | D:2      | Reached XP level 4. HP: 19/19 MP: 1/8
  2552 | D:2      | Reached skill level 1 in Hexes
  2644 | D:2      | Learned a level 3 spell: Ozocubu's Armour
  2725 | D:2      | You fall into a shaft and drop 2 floors!
  3177 | D:4      | Found a staircase to the Ecumenical Temple.
  3181 | D:4      | Identified a scroll of acquirement
  3398 | D:4      | Noticed a phantom
  3446 | Temple   | Entered the Ecumenical Temple
  3628 | Temple   | Became a worshipper of Ru the Awakened
  3882 | D:4      | Noticed Edmund
  3924 | D:5      | Entered Level 5 of the Dungeon
  3926 | D:5      | Found Vonihuk's Antique Weapon Shoppe.
  3939 | D:4      | Found a burning altar of Makhleb.
  4038 | D:2      | Reached XP level 5. HP: 9/22 MP: 0/9
  4043 | D:2      | Slain by an adder
  4044 | D:2      | Reached XP level 4. HP: 0/19 MP: 1/8
  4386 | D:2      | Found Jecuask's Weapon Shoppe.
  4388 | D:2      | Noticed Sigmund
  5014 | D:2      | Reached XP level 5. HP: 19/23 MP: 3/9
  5124 | D:2      | Noticed Robin
  5128 | D:2      | Killed Robin
  5234 | D:2      | Found Ranif's General Store.
  5404 | D:1      | Bought a bubbling emerald potion for 18 gold pieces
  5404 | D:1      | Bought a scroll labelled IFUN IGOONKOL for 20 gold pieces
  6246 | D:3      | Found a stormy altar of Qazlal.
  7686 | D:4      | Reached skill level 5 in Dodging
  7686 | D:4      | Gained mutation: You are covered in thick fur. (AC +2)
                  | [Felid growth]
  7686 | D:4      | Reached XP level 6. HP: 18/27 MP: 1/10
  8530 | D:5      | Learned a level 3 spell: Frozen Ramparts
  8750 | D:5      | Reached skill level 5 in Ice Magic
  8750 | D:5      | Reached XP level 7. HP: 31/31 MP: 5/11
  9329 | D:6      | Noticed Grinder
 10809 | D:6      | Killed Grinder
 10810 | D:6      | Reached XP level 8. HP: 10/36 MP: 12/12
 12029 | D:7      | Learned a level 2 spell: Blink
 12070 | D:7      | Reached skill level 5 in Stealth
 12137 | D:7      | Noticed a white ugly thing
 13434 | D:7      | Found a glowing golden altar of the Shining One.
 13434 | D:7      | Found a hazy altar of Hepliaklqana.
 13780 | D:8      | Reached skill level 1 in Evocations
 14342 | D:8      | Found a blossoming altar of Fedhas.
 14611 | D:8      | Slain by a wight
 14612 | D:8      | Reached XP level 7. HP: 0/30 MP: 11/11
 14739 | D:8      | Reached XP level 8. HP: 36/36 MP: 9/12
 15403 | D:8      | Reached skill level 5 in Fighting
 15723 | D:9      | Got the Reference Book on Ignition and Weightlessness
 17072 | D:8      | Found a blossoming altar of Fedhas.
 18193 | D:8      | Reached XP level 9. HP: 34/41 MP: 9/14
 19163 | D:9      | Splashed by an acid dragon's acid

Illustrated notes

Levels and vault maps discovered:
D:1:      lemuel_arrival_muddy, layout_loops_ring, serial_shops, shop
D:2:      layout_loops_ring, serial_shops, nicolae_square_shop, shop,
          minmay_misc_feat_encased, minmay_tetromino_i4, uniq_jessica,
          uniq_sigmund, uniq_robin
D:3:      layout_basic, nicolae_qazlal_eye_of_the_storm,
          nicolae_underground_beach
D:4:      layout_basic, mainiacjoe_overflow_cross_hatched,
          minmay_temple_entry_stoned_glass, nrook_mini_vaults, uniq_edmund
D:5:      layout_loops_ring, serial_shops, nicolae_shop_statue_plus
D:6:      layout_basic, kennysheep_generic_room_13, uniq_grinder
D:7:      layout_loops_corners, gammafunk_temple_overflow_pools
D:8:      layout_loops_ring, amcnicky_altar_gilded, special_room
          [special_room_orc], grunt_ministairs_5
D:9:      layout_cave_pools, grunt_dithmenos_shadows, david_lair_shrubbed
Temple:   eino_temple_rhombus

Skill      XL: |  1  2  3  4  5  6  7  8  9 |
---------------+----------------------------+-----
Unarmed Combat | 2 3 4 |  4.0
Dodging        | 3 4 5 6 8 |  8.0
Fighting       | 2 3 4 6 |  6.0
Hexes          | 2 |  2.0
Ice Magic      | 4 5 6 7 |  7.6
Stealth        | 3 4 8 |  8.0
Evocations     | 4 |  4.0
Spellcasting   | 3 4 |  4.0

Action                   |  1- 3 |  4- 6 |  7- 9 || total
-------------------------+-------+-------+-------++-------
Melee: Unarmed           |    21 |   206 |   351 ||   578
       Bite              |     2 |    22 |    47 ||    71
       Punch             |       |     3 |    14 ||    17
 Cast: Freeze            |    41 |    82 |    16 ||   139
       Ensorcelled Hiber |     2 |     8 |       ||    10
       Ozocubu's Armour  |       |    26 |    55 ||    81
       Frozen Ramparts   |       |     1 |    53 ||    54
       Blink             |       |       |     1 ||     1
Invok: Reject Sacrifices |       |     1 |       ||     1
Evoke: Wand              |       |       |    11 ||    11
  Use: Scroll            |     1 |    11 |     3 ||    15
       Potion            |       |     3 |     2 ||     5
 Stab: Sleeping          |     2 |     8 |     1 ||    11
       Distracted        |       |     1 |       ||     1
Armor: Skin              |     4 |    26 |    34 ||    64
Dodge: Dodged            |    27 |   201 |   341 ||   569

Table legend: (Time is in decaauts)
 A = Elapsed time spent in this place.
 B = Non-inter-level travel time spent in this place.
 C = Inter-level travel time spent in this place.
 D = Time resting spent in this place.
 E = Time spent auto-exploring this place.
 F = Levels seen in this place.
 G = Mean time per level.
                   A        B        C        D        E       F      G
               +--------+--------+--------+--------+--------+-----+--------+
         Total |  17418 |  16378 |   1040 |   8431 |   5280 |  10 | 1741.8 |
       Dungeon |  17257 |  16243 |   1014 |   8431 |   5148 |   9 | 1917.4 |
        Temple |    160 |    135 |     25 |      0 |    131 |   1 |  160.0 |
               +--------+--------+--------+--------+--------+-----+--------+

Top non-repeatable levels by time:
     D:8: 4695 daAuts
     D:1: 2190 daAuts
     D:6: 2070 daAuts
     D:2: 1956 daAuts
     D:5: 1730 daAuts
     D:7: 1559 daAuts
     D:4: 1498 daAuts
     D:3: 1400 daAuts
  Temple: 160 daAuts
     D:9: 157 daAuts
